Cogmind - Beta 10.2 @@@ ROGUE MODE // 2021.01.02 @ 10:48:08 Player: Perseus Result: Destroyed by Y-54 Guardian with Flak Gun Performance ------------- Evolutions (3) 1500 Regions Visited (13) 2600 Robots Destroyed (113) 565 Value Destroyed (2601) 2601 Prototype IDs (48) 960 Alien Tech Used (0) 0 Bonus (411) 411 TOTAL SCORE: 8637 Bonus ------- High Alert Combat Kills 133 Follower Combat Kills 362 Entered Garrisons 200 Aligned with FarCom 300 Friendly Fire -584 Cogmind --------- Core Integrity 0/700 Matter 122/300 Energy 98/100 System Corruption 0% Temperature Cool (18) Movement Core (50) Location -7/Factory Parts ------- > --- POWER (2) -------- (None) > --- PROPULSION (3) --- (None) > --- UTILITY (5) ------ (None) > --- WEAPON (3) ------- (None) > --- INVENTORY (4) ---- XL Autogun Array Peak State ------------ > --- POWER ------------ Improved Deuterium Engine Cooled Deuterium Engine > --- PROPULSION ------- Improved Titanium Leg Improved Titanium Leg Improved Titanium Leg > --- UTILITY ---------- Improved Cooling System Medium Storage Unit Large Storage Unit Advanced Signal Interpreter Hacking Suite > --- WEAPON ----------- Enhanced Autogun Enhanced Autogun Gauss Rifle > --- INVENTORY -------- Cooled Deuterium Engine Superbattery Advanced Sensor Array Advanced Terrain Scanner Arc Projector Improved Heavy Laser Gauss Rifle XL Autogun Array Advanced Assault Cannon Guided EMP Blaster [Rating: 53] Favorites ----------- Power Improved Ion Engine Engine Improved Ion Engine Propulsion Carbon-fiber Leg Leg Carbon-fiber Leg Wheel Wheel Hover Unit Aerolev Unit Utility Large Storage Unit Device Improved Terrain Scanner Storage Large Storage Unit Processor Advanced Visual Processing Unit Hackware System Shield Protection Light Armor Plating Weapon Enhanced Autogun Energy Gun Lightning Gun Energy Cannon EM Pulse Cannon Ballistic Gun Enhanced Autogun Launcher Rocket Launcher Special Melee Weapon Datajack Build | -11 -10 -10 -9 -9 -9 -8 -8 -8 -8 -8 -7 -7 -7 ------- Run | Scr Mat Min Mat Min Exi Min Mat Gar Mat Sto Fac Was Fac Slots Evolved 6 | . . . 2 . . . 2 . . . 2 . . Power 1 | . . . . . . . . . . . 1 . . Propulsion 1 | . . . 1 . . . . . . . . . . Utility 3 | . . . 1 . . . 1 . . . 1 . . Weapon 1 | . . . . . . . 1 . . . . . . Parts Attached 122 | 7 5 13 8 7 4 7 1 6 25 21 14 4 . Power 11 | 1 1 3 . 1 . . . 1 3 . 1 . . Engine 11 | 1 1 3 . 1 . . . 1 3 . 1 . . Core . | . . . . . . . . . . . . . . Reactor . | . . . . . . . . . . . . . . Propulsion 28 | 2 2 3 4 . . 4 . . 1 4 5 3 . Treads . | . . . . . . . . . . . . . . Leg 26 | 2 2 3 4 . . 4 . . 1 3 4 3 . Wheel 1 | . . . . . . . . . . . 1 . . Hover 1 | . . . . . . . . . . 1 . . . Flight . | . . . . . . . . . . . . . . Utility 32 | 2 1 2 2 1 2 . . 2 6 6 8 . . Device 19 | 1 1 2 . 1 . . . . 3 4 7 . . Storage 6 | 1 . . 1 . 2 . . . 2 . . . . Processor 2 | . . . . . . . . . 1 . 1 . . Hackware 3 | . . . 1 . . . . . . 2 . . . Protection 2 | . . . . . . . . 2 . . . . . Artifact . | . . . . . . . . . . . . . . Weapon 51 | 2 1 5 2 5 2 3 1 3 15 11 . 1 . Energy Gun 15 | . . 2 . . . 1 . 1 8 3 . . . Energy Cannon 6 | . . 1 . . . . . . 3 2 . . . Ballistic Gun 24 | 2 1 1 2 4 1 1 1 1 4 5 . 1 . Ballistic Cannon . | . . . . . . . . . . . . . . Launcher 5 | . . 1 . 1 . 1 . 1 . 1 . . . Special Weapon . | . . . . . . . . . . . . . . Impact Weapon . | . . . . . . . . . . . . . . Slashing Weapon . | . . . . . . . . . . . . . . Piercing Weapon . | . . . . . . . . . . . . . . Special Melee Weapon 1 | . . . . . 1 . . . . . . . . Unidentified Prototypes 10 | . . . . . . . . . 7 3 . . . Parts Lost 21 | . . 5 . 1 . 1 . 2 2 2 1 7 . Power 4 | . . 1 . 1 . . . . 1 . . 1 . Propulsion 6 | . . 1 . . . 1 . . . . 1 3 . Utility 6 | . . 1 . . . . . 1 1 1 . 2 . Weapon 5 | . . 2 . . . . . 1 . 1 . 1 . Highest Loss Streak 7 | . . 4 . 1 . 1 . 1 1 1 1 7 . Average Slot Usage (%) 97 | . 100 99 99 99 100 99 90 94 99 98 93 67 . Engine 10 | . 14 14 11 10 11 11 9 9 8 9 8 9 . Leg 27 | . 28 27 33 33 33 32 27 27 27 26 18 12 . Device 10 | . 14 13 11 11 11 11 9 4 10 14 6 5 . Storage 16 | . 14 14 11 11 16 22 18 18 18 18 15 11 . Processor 1 | . . . . . . . . . 6 . 3 6 . Hackware 3 | . . . 10 11 5 . . . . 3 11 5 . Protection 1 | . . . . . . . . 10 1 . . . . Energy Gun 4 | . . 5 6 . . 8 9 3 8 4 . . . Energy Cannon 1 | . . 7 . . . . . . . 1 . . . Ballistic Gun 18 | . 28 10 12 21 18 13 18 18 17 21 23 15 . Launcher 1 | . . 4 2 . . . . 3 . . . . . Naked Turns 59 | . . . . . . . . . . . . 8 51 Heaviest Build 57 | 11 11 17 15 16 42 45 46 50 50 53 57 56 . Greatest Support 60 | 20 20 20 45 45 45 47 47 47 47 47 60 60 3 Greatest Overweight (x) 4 | . . . . . . 1 . 1 1 1 4 2 . Average Overweight (x) . | . . . . . . . . . . . 2 . . Largest Inventory Capacity 18 | 6 6 6 6 6 16 16 16 16 18 14 14 14 4 Average Capacity 11 | 5 6 6 6 6 12 16 16 16 14 14 14 12 4 Most Carried 16 | 3 6 6 6 6 15 16 16 16 16 14 14 14 4 Average Carried 11 | 2 5 5 5 5 10 15 15 15 13 13 13 12 4 Final Capacity 16 | 6 6 6 6 6 16 16 16 16 14 14 14 4 4 Final Carried 16 | 3 6 6 6 6 15 16 16 16 14 14 14 4 4 Class Distribution -------------------- 36% | Mutant 24% | Skirmisher 15% | Scavenger-Skirmisher 7% | Scavenger-Mutant 6% | Hacker-Skirmisher 6% | Scavenger-Tank Dominant Class ---------------- Mutant | -10/Materials Mutant | -10/Mines Mutant | -9/Materials Scavenger-Mutant | -9/Mines Mutant | -9/Exiles Scavenger-Skirmisher | -8/Mines Scavenger-Skirmisher | -8/Materials Scavenger-Tank | -8/Garrison Skirmisher | -8/Materials Skirmisher | -8/Storage Hacker-Skirmisher | -7/Factory Skirmisher | -7/Waste Mutant | -7/Factory Resources | -11 -10 -10 -9 -9 -9 -8 -8 -8 -8 -8 -7 -7 -7 ----------- Run | Scr Mat Min Mat Min Exi Min Mat Gar Mat Sto Fac Was Fac Matter Collected 2842 | 338 194 202 191 132 . 206 . 207 602 498 272 . . Remotely . | . . . . . . . . . . . . . . Salvage Created 4144 | 194 407 236 55 130 . 287 . 296 1002 1053 484 . . Parts 250 | 19 15 10 4 21 . 18 . 22 55 62 24 . . Haulers Intercepted 12 | . 2 . . . . . . . 5 5 . . . Recyclers Shooed 1 | . . . . . . . . . . 1 . . . Parts Field Recycled . | . . . . . . . . . . . . . . Retrieved Matter . | . . . . . . . . . . . . . . Parts Self-Destructed . | . . . . . . . . . . . . . . Prevented . | . . . . . . . . . . . . . . Kills | -11 -10 -10 -9 -9 -9 -8 -8 -8 -8 -8 -7 -7 -7 ------- Run | Scr Mat Min Mat Min Exi Min Mat Gar Mat Sto Fac Was Fac Combat Hostiles Destroyed 72 | . 6 12 1 9 . 6 . 12 7 9 10 . . Guns 48 | . 6 2 1 7 . 4 . 4 7 8 9 . . Cannons 6 | . . 5 . . . . . . . 1 . . . AOE 18 | . . 5 . 2 . 2 . 8 . . 1 . . Classes Destroyed 15 | 3 4 2 1 . . 2 . 1 2 . . . . Worker 7 | 2 . 1 . . . . . . 4 . . . . Builder 1 | . . . . . . . . . 1 . . . . Tunneler 11 | 5 . 1 . 1 . 1 . . 2 . 1 . . Hauler 12 | . 2 . . . . . . . 5 5 . . . Recycler 6 | 1 1 1 . . . 1 . . 1 1 . . . Operator 4 | . 1 . . . . . . . 3 . . . . Watcher 4 | . . . . . . . . . 2 2 . . . Swarmer 28 | . 2 3 . 9 . 3 . 7 1 . 3 . . Grunt 19 | . 4 1 . . . 3 . 4 2 1 4 . . Brawler 2 | . . . . . . . . 1 1 . . . . Duelist 2 | . . . . . . 1 . . . . 1 . . Sentry 13 | . . . 1 . . . . 1 3 6 2 . . Demolisher 1 | . . 1 . . . . . . . . . . . Hunter 3 | . . . . . . 1 . . . 2 . . . Assembled 7 | . . 7 . . . . . . . . . . . Best Kill Streak 7 | 6 2 3 1 7 . 3 . 4 4 6 4 . . Combat Bots Only 7 | . 2 3 1 7 . 3 . 4 2 4 3 . . Max Kills in Single Turn 3 | 1 1 3 1 2 . 3 . 3 1 1 1 . . Gunslinging . | . . . . . . . . . . . . . . Exploded 3 | . . 3 . 2 . 1 . 2 . . 1 . . Melee . | . . . . . . . . . . . . . . Uniques/NPCs Destroyed . | . . . . . . . . . . . . . . Combat | -11 -10 -10 -9 -9 -9 -8 -8 -8 -8 -8 -7 -7 -7 -------- Run | Scr Mat Min Mat Min Exi Min Mat Gar Mat Sto Fac Was Fac Damage Taken 4339 | . 419 653 77 453 . 287 . 295 354 487 659 350 305 Core 1175 | . 82 139 17 102 . 33 . 10 56 35 148 248 305 Absorbed by Shields 144 | . . . . . . . . . . 144 . . . Core Remaining (%) 63 | 100 . 11 . . . 62 . . . 81 . . . Volleys Fired 310 | 17 41 26 8 19 . 23 . 31 70 48 27 . . Largest 3 | 2 2 2 2 2 . 2 . 3 3 3 3 . . Hottest 128 | 40 40 83 60 53 . 65 . 105 115 128 78 . . Shots Fired 705 | 34 82 50 16 38 . 44 . 62 180 118 81 . . Gun 662 | 34 82 31 16 36 . 39 . 52 176 115 81 . . Cannon 23 | . . 16 . . . . . . 4 3 . . . Launcher 20 | . . 3 . 2 . 5 . 10 . . . . . Special . | . . . . . . . . . . . . . . Kinetic 525 | 34 82 23 9 36 . 27 . 33 112 88 81 . . Thermal 41 | . . 1 7 . . . . 5 24 4 . . . Explosive 20 | . . 3 . 2 . 5 . 10 . . . . . Electromagnetic 119 | . . 23 . . . 12 . 14 44 26 . . . Robot Hit Streak 11 | 7 6 3 5 6 . 8 . 6 6 10 11 . . Robot Miss Streak 6 | 1 2 4 5 5 . 2 . 6 4 3 4 . . Penetration Max 1 | . . . . . . . . . . . 1 . . Secondary Targets 12 | . . . . 4 . 2 . 1 2 1 2 . . Max Gunslinging Chain 1 | . . . . 1 . 1 . 1 1 1 1 . . Shots Hit Robots 395 | 22 51 22 8 18 4 28 . 22 95 73 52 . . Core Hits 197 | 13 18 19 4 16 . 20 . 27 33 27 20 . . Critical Hits 5 | . . . . . . . . . . 4 1 . . Critical Kills 2 | . . . . . . . . . . 2 . . . Critical Parts Destroyed 3 | . . . . . . . . . . 2 1 . . Melee Attacks 4 | . . . . . 4 . . . . . . . . Impact . | . . . . . . . . . . . . . . Slashing . | . . . . . . . . . . . . . . Piercing . | . . . . . . . . . . . . . . Sneak Attacks 4 | . . . . . 4 . . . . . . . . Combat Hostiles . | . . . . . . . . . . . . . . Follow-up Attacks . | . . . . . . . . . . . . . . Damage Inflicted 7362 | 211 541 741 68 333 . 679 . 931 1565 1423 870 . . Guns 5222 | 211 541 90 68 132 . 215 . 250 1528 1317 870 . . Cannons 355 | . . 305 . . . . . . . 50 . . . Explosions 1785 | . . 346 . 201 . 464 . 681 37 56 . . . Melee . | . . . . . . . . . . . . . . Ramming . | . . . . . . . . . . . . . . Kinetic 3878 | 211 541 35 35 132 . 102 . 188 804 960 870 . . Thermal 526 | . . 142 33 . . . . 49 196 106 . . . Explosive 1560 | . . 214 . 201 . 464 . 681 . . . . . Electromagnetic 1398 | . . 350 . . . 113 . 13 565 357 . . . Impact . | . . . . . . . . . . . . . . Slashing . | . . . . . . . . . . . . . . Piercing . | . . . . . . . . . . . . . . Highest Corruption . | . . . . . . . . . . . . . . Average Corruption . | . . . . . . . . . . . . . . Corruption Purged . | . . . . . . . . . . . . . . Overload Shots . | . . . . . . . . . . . . . . Overflow Damage 32 | . . 24 . 8 . . . . . . . . . Projectiles 18 | . . 18 . . . . . . . . . . . Explosions 14 | . . 6 . 8 . . . . . . . . . Melee . | . . . . . . . . . . . . . . Knockbacks . | . . . . . . . . . . . . . . Impact . | . . . . . . . . . . . . . . Kinetic . | . . . . . . . . . . . . . . Secondary . | . . . . . . . . . . . . . . Self-Inflicted Damage 184 | . . 62 . 46 . 40 . . . 36 . . . Shots 5 | . . 2 . 1 . 1 . . . 1 . . . Rammed . | . . . . . . . . . . . . . . Targets Rammed . | . . . . . . . . . . . . . . Kicked . | . . . . . . . . . . . . . . Crushed . | . . . . . . . . . . . . . . Highest Temperature 244 | . 12 232 25 8 . 40 . 195 244 164 79 . . Average Temperature 49 | . 7 69 12 6 . 15 . 50 48 69 24 . . Received Heat Transfer 708 | . 120 120 27 . . 18 . 36 126 93 96 . 72 Siege Activations . | . . . . . . . . . . . . . . Robots Corrupted 2 | . . . . . . . . . 1 1 . . . Combat Hostiles . | . . . . . . . . . . . . . . Parts Fried 6 | . . . . . . . . . 5 1 . . . Impact Corruptions . | . . . . . . . . . . . . . . Robots Melted . | . . . . . . . . . . . . . . Combat Hostiles . | . . . . . . . . . . . . . . Parts Melted . | . . . . . . . . . . . . . . Heat Transferred 955 | . . 175 75 . . . . 111 420 174 . . . Parts Sabotaged . | . . . . . . . . . . . . . . Parts Stolen . | . . . . . . . . . . . . . . Parts Stripped . | . . . . . . . . . . . . . . Power Chain Reactions 3 | . . 1 . . . . . . 1 1 . . . Missiles Intercepted . | . . . . . . . . . . . . . . Alert | -11 -10 -10 -9 -9 -9 -8 -8 -8 -8 -8 -7 -7 -7 ------- Run | Scr Mat Min Mat Min Exi Min Mat Gar Mat Sto Fac Was Fac Peak Influence 797 | 40 225 112 149 212 . 124 29 797 748 461 271 19 64 Initial 388 | . 26 87 39 57 . . 29 18 388 245 69 19 . Average 262 | 13 125 49 90 131 . 67 29 335 615 293 123 8 22 Maximum Alert Level 3 | . 1 . . 1 . . . 3 3 2 1 . . Low Security (%) 50 | 100 78 100 100 55 . 100 100 47 . 2 77 100 100 Level 1 22 | . 21 . . 44 . . . 10 1 91 22 . . Level 2 25 | . . . . . . . . 35 93 6 . . . Level 3 2 | . . . . . . . . 6 5 . . . . Level 4 . | . . . . . . . . . . . . . . Level 5 . | . . . . . . . . . . . . . . High Security . | . . . . . . . . . . . . . . Max Security . | . . . . . . . . . . . . . . Squads Dispatched 7 | . 3 1 . . . . . . 1 . 1 . 1 Investigation 3 | . 1 1 . . . . . . . . . . 1 Extermination 1 | . . . . . . . . . . . 1 . . Reinforcement 3 | . 2 . . . . . . . 1 . . . . Assault . | . . . . . . . . . . . . . . Garrison . | . . . . . . . . . . . . . . Intercept . | . . . . . . . . . . . . . . Construction Impeded . | . . . . . . . . . . . . . . Haulers Reinforced . | . . . . . . . . . . . . . . Stealth | -11 -10 -10 -9 -9 -9 -8 -8 -8 -8 -8 -7 -7 -7 --------- Run | Scr Mat Min Mat Min Exi Min Mat Gar Mat Sto Fac Was Fac Distress Signals 7 | . 1 1 . . . . . . 4 1 . . . Communications Jammed . | . . . . . . . . . . . . . . Distress Signals . | . . . . . . . . . . . . . . Times Spotted 141 | . 11 17 6 10 . 7 . 17 32 11 13 6 11 Peak Tracking Total 11 | . 6 3 2 5 . 3 . 4 3 3 4 6 11 Tactical Retreats 8 | . 1 3 . . . . . . 3 . 1 . . Traps | -11 -10 -10 -9 -9 -9 -8 -8 -8 -8 -8 -7 -7 -7 ------- Run | Scr Mat Min Mat Min Exi Min Mat Gar Mat Sto Fac Was Fac Traps Triggered 5 | . 1 . . . . . . 2 . 1 1 . . Indirectly . | . . . . . . . . . . . . . . Trap Hack Attempts . | . . . . . . . . . . . . . . Triggered . | . . . . . . . . . . . . . . Disarmed 3 | . . . . . . . . . 3 . . . . Reprogrammed . | . . . . . . . . . . . . . . Reused . | . . . . . . . . . . . . . . Traps Extracted . | . . . . . . . . . . . . . . Installed . | . . . . . . . . . . . . . . Triggered . | . . . . . . . . . . . . . . Machines | -11 -10 -10 -9 -9 -9 -8 -8 -8 -8 -8 -7 -7 -7 ---------- Run | Scr Mat Min Mat Min Exi Min Mat Gar Mat Sto Fac Was Fac Machines Disabled 6 | . . 2 . . . . . 3 1 . . . . Max in Single Turn 2 | . . 2 . . . . . 1 1 . . . . Garrison Access 2 | . . . . . . . . . 1 . 1 . . Garrison Relay 1 | . . . . . . . . 1 . . . . . Machines Sabotaged . | . . . . . . . . . . . . . . Garrisons Compromised . | . . . . . . . . . . . . . . Overloaded Fab Kills . | . . . . . . . . . . . . . . Fab Network Shutdowns . | . . . . . . . . . . . . . . Hacking | -11 -10 -10 -9 -9 -9 -8 -8 -8 -8 -8 -7 -7 -7 --------- Run | Scr Mat Min Mat Min Exi Min Mat Gar Mat Sto Fac Was Fac Machines Accessed 37 | . . 1 2 . 1 . 1 . 13 12 5 . 2 Terminals 25 | . . . 1 . . . . . 10 10 2 . 2 Fabricators 2 | . . . . . . . . . . . 2 . . Repair Stations . | . . . . . . . . . . . . . . Recycling Units 4 | . . . . . . . . . 2 2 . . . Scanalyzers 1 | . . . 1 . . . . . . . . . . Garrison Access 3 | . . . . . . . 1 . 1 . 1 . . Total Hacks 114 | . . 1 9 . 1 . 2 . 49 37 10 . 5 Successful 72 | . . 1 7 . 1 . 1 . 26 27 7 . 2 Failed 42 | . . . 2 . . . 1 . 23 10 3 . 3 Catastrophic 7 | . . . . . . . . . 3 1 2 . 1 Database Lockouts . | . . . . . . . . . . . . . . Manual 71 | . . . 2 . 1 . . . 34 23 7 . 4 Terminals 75 | . . . 2 . . . . . 36 28 4 . 5 Fabricators 5 | . . . . . . . . . . . 5 . . Repair Stations . | . . . . . . . . . . . . . . Recycling Units 20 | . . . . . . . . . 11 9 . . . Scanalyzers 7 | . . . 7 . . . . . . . . . . Garrison Access 5 | . . . . . . . 2 . 2 . 1 . . Terminal Hacks 25 | . . 1 . . 1 . . . 12 10 . . 1 Part Schematic 6 | . . . . . . . . . 6 . . . . Prototype ID Bank 1 | . . . . . . . . . . 1 . . . Open Door 5 | . . 1 . . . . . . . 4 . . . Branch Access Points 3 | . . . . . . . . . 1 1 . . 1 Terminal Index 2 | . . . . . . . . . 1 1 . . . Locate Traps 2 | . . . . . . . . . 1 1 . . . Disarm Traps 1 | . . . . . . . . . 1 . . . . Recall Investigation 1 | . . . . . . . . . . 1 . . . Hauler Manifests 1 | . . . . . . . . . 1 . . . . Zone Layout 2 | . . . . . . . . . 1 1 . . . EX-Prototype ID Bank 1 | . . . . . 1 . . . . . . . . Fabricator Hacks 2 | . . . . . . . . . . . 2 . . Load Schematic 1 | . . . . . . . . . . . 1 . . Build 1 | . . . . . . . . . . . 1 . . Repair Station Hacks . | . . . . . . . . . . . . . . Recycling Unit Hacks 1 | . . . . . . . . . 1 . . . . Retrieve Components 1 | . . . . . . . . . 1 . . . . Scanalyzer 6 | . . . 6 . . . . . . . . . . Insert Component 3 | . . . 3 . . . . . . . . . . Analyze 3 | . . . 3 . . . . . . . . . . Garrison Access Hacks 3 | . . . . . . . 1 . 1 . 1 . . Unlock Access 1 | . . . . . . . 1 . . . . . . Seal Access 2 | . . . . . . . . . 1 . 1 . . Unauthorized Hacks 35 | . . . 1 . . . . . 12 17 4 . 1 Terminals 20 | . . . 1 . . . . . 5 11 2 . 1 Track 1 | . . . . . . . . . . 1 . . . Assimilate 1 | . . . . . . . . . 1 . . . . Botnet 14 | . . . 1 . . . . . 4 6 2 . 1 Disrupt 3 | . . . . . . . . . . 3 . . . Operators 1 | . . . . . . . . . . 1 . . . Fabricators 2 | . . . . . . . . . . . 2 . . Siphon 2 | . . . . . . . . . . . 2 . . Repair Stations . | . . . . . . . . . . . . . . Recycling Units 13 | . . . . . . . . . 7 6 . . . Monitor 3 | . . . . . . . . . 2 1 . . . Reject 4 | . . . . . . . . . 2 2 . . . Recyclers 4 | . . . . . . . . . 2 2 . . . Mask 2 | . . . . . . . . . 1 1 . . . Scanalyzers . | . . . . . . . . . . . . . . Garrison Access . | . . . . . . . . . . . . . . Data Cores Recovered 3 | . . . . . . . . . 3 . . . . Used 1 | . . . . . . . . . 1 . . . . Hacking Detections 30 | . . . 2 . . . 1 . 13 8 4 . 2 Full Trace Events 1 | . . . . . . . . . . . . . 1 Feedback Events . | . . . . . . . . . . . . . . Feedback Blocked . | . . . . . . . . . . . . . . Robot Schematics Acquired . | . . . . . . . . . . . . . . Robots Built . | . . . . . . . . . . . . . . Matter . | . . . . . . . . . . . . . . Time . | . . . . . . . . . . . . . . Total Robot Build Rating . | . . . . . . . . . . . . . . Part Schematics Acquired 9 | . . . 3 . . . . . 6 . . . . Parts Built 1 | . . . . . . . . . . . 1 . . Matter 109 | . . . . . . . . . . . 109 . . Time 73 | . . . . . . . . . . . 73 . . Total Part Build Rating 3 | . . . . . . . . . . . 3 . . Parts Repaired . | . . . . . . . . . . . . . . Time . | . . . . . . . . . . . . . . Parts Recycled . | . . . . . . . . . . . . . . Recycled Matter . | . . . . . . . . . . . . . . Retrieved Matter . | . . . . . . . . . . . . . . Retrieved Components 7 | . . . . . . . . . 7 . . . . Parts Scanalyzed 3 | . . . 3 . . . . . . . . . . Part Schematics Acquired 3 | . . . 3 . . . . . . . . . . Parts Damaged . | . . . . . . . . . . . . . . Bothacking | -11 -10 -10 -9 -9 -9 -8 -8 -8 -8 -8 -7 -7 -7 ------------ Run | Scr Mat Min Mat Min Exi Min Mat Gar Mat Sto Fac Was Fac Used RIF Installer . | . . . . . . . . . . . . . . Robots Hacked 4 | . . . . . 4 . . . . . . . . Non-combat 3 | . . . . . 3 . . . . . . . . Combat 1 | . . . . . 1 . . . . . . . . Robot Hacks Applied 4 | . . . . . 4 . . . . . . . . parse_system 4 | . . . . . 4 . . . . . . . . Relay Couplers Released 4 | . . . . . . . . 4 . . . . . Machine Destruction 4 | . . . . . . . . 4 . . . . . Robots Rewired 10 | . . . . . . . . 10 . . . . . Allies Hacked . | . . . . . . . . . . . . . . Hacks Repelled . | . . . . . . . . . . . . . . Allies | -11 -10 -10 -9 -9 -9 -8 -8 -8 -8 -8 -7 -7 -7 -------- Run | Scr Mat Min Mat Min Exi Min Mat Gar Mat Sto Fac Was Fac Total Allies 13 | . . . . 3 . . . 10 . . . . . Largest Group 8 | . . . . 3 3 3 . 8 5 . . . . Highest-Rated Group 136 | . . . . 40 40 40 . 136 84 . . . . Highest-Rated Ally 18 | . . . . 16 16 16 . 18 18 . . . . Total Orders 7 | . . . . . . . . 6 . 1 . . . STAY 2 | . . . . . . . . 2 . . . . . ROAM 2 | . . . . . . . . 2 . . . . . FOLLOW 2 | . . . . . . . . 2 . . . . . EXPLORE 1 | . . . . . . . . . . 1 . . . Ally Attacks 106 | . . . . 4 . 12 . 27 63 . . . . Total Damage 1292 | . . . . 22 . 115 . 312 843 . . . . Kills 23 | . . . . 1 . 1 . 6 15 . . . . Allies Corrupted 1 | . . . . . . . . . 1 . . . . Allies Melted . | . . . . . . . . . . . . . . Intel | -11 -10 -10 -9 -9 -9 -8 -8 -8 -8 -8 -7 -7 -7 ------- Run | Scr Mat Min Mat Min Exi Min Mat Gar Mat Sto Fac Was Fac Robot Analysis Total . | . . . . . . . . . . . . . . Derelict Logs Recovered 4 | . . 2 . 2 . . . . . . . . . Drone Launches 4 | . . . . . . . . . . 4 . . . Drone Recoveries . | . . . . . . . . . . . . . . Exploration | -11 -10 -10 -9 -9 -9 -8 -8 -8 -8 -8 -7 -7 -7 ------------- Run | Scr Mat Min Mat Min Exi Min Mat Gar Mat Sto Fac Was Fac Turns Passed 9022 | 124 398 987 243 787 499 699 34 1051 1818 1232 1023 76 51 Spaces Moved 5642 | 55 214 523 164 595 397 495 26 539 1101 711 658 62 102 Core 135 | 9 . . . . . . . . . . . 24 102 Treads . | . . . . . . . . . . . . . . Legs 5167 | 46 214 523 164 595 397 495 26 539 1101 711 318 38 . Wheels 340 | . . . . . . . . . . . 340 . . Hover . | . . . . . . . . . . . . . . Flight . | . . . . . . . . . . . . . . Fastest Speed 50 | 50 120 120 120 120 120 120 123 123 123 123 120 50 50 Average Speed 124 | 108 120 120 120 120 120 123 123 139 126 136 125 110 50 Slowest Speed 190 | 120 120 120 120 120 120 155 123 153 153 153 190 190 50 Overloaded Moves . | . . . . . . . . . . . . . . Propulsion Burnouts . | . . . . . . . . . . . . . . Robots Hopped . | . . . . . . . . . . . . . . Cave-ins Triggered . | . . . . . . . . . . . . . . Exploration Rate (%) 52 | 3 36 97 16 99 71 98 5 58 77 92 15 63 5 Regions Visited 13 Branch Regions 5 Pre-discovered Areas 2 | . . 1 . 1 . . . . . . . . . Known Exits Taken 3 | . . . . . . 1 1 . 1 . . . . Unknown Exits Taken 7 | 1 1 1 1 1 1 . . . . 1 . . . Scrap Searched 6 | . . 1 . 3 . 2 . . . . . . . Spaces Dug 6 | . . . . . . . . . 4 2 . . . Terrain Destroyed 185 | . . 41 . 24 . 59 . 40 10 11 . . . Melee . | . . . . . . . . . . . . . . Projectile 8 | . . . . . . . . . 4 4 . . . AOE 177 | . . 41 . 24 . 59 . 40 6 7 . . . Terrain Rammed . | . . . . . . . . . . . . . . Walls Destroyed . | . . . . . . . . . . . . . . Machines Disabled . | . . . . . . . . . . . . . . Actions | -11 -10 -10 -9 -9 -9 -8 -8 -8 -8 -8 -7 -7 -7 --------- Run | Scr Mat Min Mat Min Exi Min Mat Gar Mat Sto Fac Was Fac Total 7144 | 88 282 838 197 635 414 547 28 788 1438 904 817 66 102 Wait 813 | . 12 262 7 5 2 10 . 99 206 103 106 1 . Move 5629 | 54 213 522 163 594 396 494 26 536 1100 710 658 61 102 Hop . | . . . . . . . . . . . . . . Pick Up 68 | 10 6 8 4 4 7 6 1 2 10 5 5 . . Fast Attach 41 | . . 1 2 1 . 1 . 3 16 10 3 4 . Attach 25 | 7 . 5 1 1 . 1 1 1 2 4 2 . . Detach . | . . . . . . . . . . . . . . Swap 56 | . 5 7 5 5 4 5 . 2 7 7 9 . . Drop 87 | . 5 7 7 6 1 7 . 3 27 17 7 . . Fire 310 | 17 41 26 8 19 . 23 . 31 70 48 27 . . Melee 4 | . . . . . 4 . . . . . . . . Ram . | . . . . . . . . . . . . . . Kick . | . . . . . . . . . . . . . . Crush . | . . . . . . . . . . . . . . Escape Stasis 5 | . . . . . . . . 5 . . . . . Rewire 106 | . . . . . . . . 106 . . . . . Trap . | . . . . . . . . . . . . . . Miscellaneous . | . . . . . . . . . . . . . . Route ------- -11/Scrapyard -10/Materials -10/Mines (discovered 2 exits: *Mat x2) -9/Materials (discovered 2 exits: Mat / [*Min]) -9/Mines (discovered 3 exits: *Mat x2 / *Exi) -9/Exiles -8/Mines (discovered 2 exits: *Mat x2) -8/Materials (discovered 2 exits: Sto / Gar) -8/Garrison (discovered 3 exits: *Mat x3) -8/Materials (discovered 4 exits: *Fac x2 / *Sto x2) -8/Storage (discovered 2 exits: *Fac / Rec) -7/Factory -7/Waste -7/Factory (discovered 2 exits: Low x2) History --------- Turn | Location | Event 4 | -11/Scrapyard | Discovered new exit (range 15) 125 | -11/Scrapyard | Entered Materials 305 | -10/Materials | Build established: Mutant 307 | -10/Materials | Discovered new exit (range 15) 523 | -10/Materials | Entered Mines 556 | -10/Mines | Met a Derelict shopkeep closing up shop 605 | -10/Mines | Discovered new exit (range 9) 702 | -10/Mines | Received a Rocket Launcher from a helpful Derelict 727 | -10/Mines | Assembled infested the area 1156 | -10/Mines | Core integrity fell below 50% 1161 | -10/Mines | Core integrity fell below 20% 1173 | -10/Mines | Learned 4 Materials zone layouts 1194 | -10/Mines | Lost 4 parts (1p1n1u1w) 1361 | -10/Mines | Learned location of Storage (-8) 1401 | -10/Mines | Learned Materials garrison access intel 1417 | -10/Mines | Found a hidden stash of uninstalled traps 1502 | -10/Mines | Discovered new exit (range 8) 1506 | -10/Mines | Met a Derelict testing a Signal Generator 1510 | -10/Mines | Entered Materials 1510 | -9/Materials | Evolved 2 slots: Propulsion x1, Utility x1 1511 | -9/Materials | Identified exit to Materials 1632 | -9/Materials | Discovered new exit (range 11) 1753 | -9/Materials | Entered Mines 1762 | -9/Mines | Met a Derelict bent on vengeance 1820 | -9/Mines | Destroyed 7 combat bots 1904 | -9/Mines | A weapon hastily lodged in a ceiling crevice suddenly fell to the ground 1994 | -9/Mines | Learned location of Zion (-6) 2060 | -9/Mines | Discovered exit to Materials (range 5) 2091 | -9/Mines | Build established: Scavenger-Mutant 2189 | -9/Mines | Assisted by bots powering up and referring to "LRC-V3" 2298 | -9/Mines | Discovered exit to Materials (range 13) 2503 | -9/Mines | Build established: Mutant 2531 | -9/Mines | Deemed a non-threat by the Exiles lab entrance 2531 | -9/Mines | Discovered new exit (range 5) 2540 | -9/Mines | Entered Exiles 2540 | -9/Exiles | Accompanied by 3 allies 2569 | -9/Exiles | Met 8R-AWN 2598 | -9/Exiles | Met EX-HEX 2671 | -9/Exiles | Met EX-DEC 2716 | -9/Exiles | Met EX-BIN 2736 | -9/Exiles | Aligned with FarCom system 2738 | -9/Exiles | Given EX-Vault access code 2766 | -9/Exiles | Opened EX-Vault 2775 | -9/Exiles | Found 0b10 Alert Chip 2779 | -9/Exiles | Found Superbattery 2784 | -9/Exiles | Found XL Autogun Array 2810 | -9/Exiles | Warned to stay clear of 0b10 Research branches 3020 | -9/Exiles | Discovered new exit (range 14) 3039 | -9/Exiles | Stole three prototypes: Superbattery, 0b10 Alert Chip, XL Autogun Array 3039 | -9/Exiles | Entered Mines 3039 | -8/Mines | Accompanied by 3 allies 3509 | -8/Mines | Build established: Scavenger-Skirmisher 3590 | -8/Mines | Discovered exit to Materials (range 3) 3667 | -8/Mines | Discovered exit to Materials (range 16) 3738 | -8/Mines | Entered Materials 3738 | -8/Materials | Evolved 2 slots: Utility x1, Weapon x1 3739 | -8/Materials | Identified exit to Storage 3740 | -8/Materials | Loaded intel: 1 garrison access location 3772 | -8/Materials | Identified exit to Garrison 3772 | -8/Materials | Entered Garrison 3820 | -8/Garrison | Triggered checkpoint 3838 | -8/Garrison | Discovered new exit (range 10) 3932 | -8/Garrison | Garrison Relay disabled 4225 | -8/Garrison | Attempted to access garrison exit controls, blocked by remote lockdown 4369 | -8/Garrison | Triggered checkpoint 4529 | -8/Garrison | Discovered new exit (range 14) 4555 | -8/Garrison | Attempted to access garrison exit controls, blocked by remote lockdown 4642 | -8/Garrison | Build established: Scavenger-Tank 4718 | -8/Garrison | Triggered checkpoint 4744 | -8/Garrison | Triggered checkpoint 4808 | -8/Garrison | Discovered new exit (range 10) 4823 | -8/Garrison | Entered Materials 4823 | -8/Materials | Accompanied by 5 allies 5461 | -8/Materials | Build established: Skirmisher 5779 | -8/Materials | Discovered new exit (range 10) 6435 | -8/Materials | Discovered new exit (range 13) 6641 | -8/Materials | Entered Storage 7083 | -8/Storage | Identified exit to Recycling 7217 | -8/Storage | Discovered new exit (range 15) 7873 | -8/Storage | Entered Factory 7873 | -7/Factory | Evolved 2 slots: Power x1, Utility x1 7875 | -7/Factory | FarCom data flow suspended 8209 | -7/Factory | Build established: Hacker-Skirmisher 8425 | -7/Factory | Fabricated Adv. Sensor Array (x1) 8574 | -7/Factory | Discovered new exit (range 16) 8896 | -7/Factory | Sucked down chute 8896 | -7/Factory | Entered Waste 8917 | -7/Waste | Spotted C-40 Crusher 8922 | -7/Waste | Spotted C-40 Crusher 8923 | -7/Waste | Build established: Skirmisher 8928 | -7/Waste | Crushed by Compactor (1 part destroyed, 1 dropped) 8933 | -7/Waste | Crushed by Compactor (1 part destroyed, 2 dropped) 8936 | -7/Waste | Spotted C-40 Crusher 8939 | -7/Waste | Spotted C-40 Crusher 8951 | -7/Waste | Spotted C-40 Crusher 8951 | -7/Waste | Spotted C-40 Crusher 8954 | -7/Waste | Crushed by Compactor (1 part destroyed, 2 dropped) 8956 | -7/Waste | Crushed by Compactor (1 part destroyed, 2 dropped) 8957 | -7/Waste | Crushed by Compactor (1 part destroyed, 1 dropped) 8959 | -7/Waste | Crushed by Compactor (1 part destroyed, 2 dropped) 8964 | -7/Waste | Crushed by Compactor (1 part destroyed) 8964 | -7/Waste | Discovered new exit (range 16) 8965 | -7/Waste | Core integrity fell below 50% 8972 | -7/Waste | Entered Factory 8995 | -7/Factory | Lost 7 parts (1p3n2u1w) 9000 | -7/Factory | Identified exit to Lower Caves 9008 | -7/Factory | Core integrity fell below 20% 9023 | -7/Factory | Destroyed by Y-54 Guardian with Flak Gun Last Messages --------------- 08966_ Adv. Terrain Scanner crushed. LOCATION=UNKNOWN GOAL=ESCAPE 08976_ Connecting with Terminal... 08976_ Current location identified: Factory >>Trojan(Botnet) Trojan loaded successfully. Testing... Terminal linked with 0 systems. Awaiting botnet instructions. 08976_ ALERT: Suspicious activity at Terminal F013. Dispatching Investigation squad. 08992_ K-01 Serf cleans the Terminal. 09000_ Connecting with Terminal... >>Access(Branch) Found 2 branch access points: (165,69) Lower Caves (89,165) Lower Caves Map updated. 09003_ U-05 Engineer lays Concrete. Map ----- +----------------------------------------------------+ | #??????????????????????????????????????????? | | " #??????????????????????????????????????????? | | "T #??????????????????????????????????????????? | | #??????????????????????????????????????????? | | #??????????????????????????????????????????? | | #??????????????????????????????????????????? | | #??????????????????????????????????????????? | | ##??????????????????????????????????????????? | | #???????????????????????????????????????????? | | #???????????????????????????????????????????? | | #???????????????????????????????????????????? | | #???????????????????????????????????????????? | | #???????????????????????????????????????????? | | #???????????????????????????????????????????? | | #???????????????????????????????????????????? | | #?????????? ???????????????????????????????? | | ##???????? ????????????????????????????????? | | #??????? """????????????????????????????????? | | "" #?????" """????????????????????????????????? | | "" #### """????????????????????????????????? | | + "" ???????????????????????????????? | | #### "" ???????????????????????????????? | | #????? ?????????????????????????????? | | ###+#???????#########????????????????????????????? | | ############# ##############???????????????? | | / s @ Y #??????????? | | #### ######## ##############???????????????? | | #??# #??????## ##????????????????????????????? | | #??# #???????# #?????????????????????????????? | | #??# #???????# #?????????????????????????????? | | #??# #???????# #?????????????????????????????? | | #??# #???????# #?????????????????????????????? | | #??#+#???????# #?????????????????????????????? | | = ?????????????# #?????????????????????????????? | | ?????????????? ??????????????????????????????? | | ?????????????? ??????????????????????????????? | | ?????????????? ??????????????????????????????? | | ?????????????? ??????????????????????????????? | | ?????????????? ??????????????????????????????? | | ? ?????????????? ??????????????????????????????? | | ?????????????????????????????????????????????????? | | ?????????????????????????????????????????????????? | | ?????????????????????????????????????????????????? | | ?????????????????????????????????????????????????? | | ?????????????????????????????????????????????????? | | ?????????????????????????????????????????????????? | | ?????????????????????????????????????????????????? | | ?????????????????????????????????????????????????? | | ?????????????????????????????????????????????????? | | ?????????????????????????????????????????????????? | +----------------------------------------------------+ Best States ------------- Heat Dissipation 61 Energy Generation 29 Energy Capacity 500 Matter Stores 300 Matter Capacity 300 Sight Range 20 Robot Scan Range 16 Terrain Scan Range 20 Terrain Scan Density 10 Armor Coverage 150 Propulsion Shielding 33 Evasion (%) 50 Offensive Hacking 10 Defensive Hacking 10 Item Schematics ----------------- Carbon-fiber Leg | -9/Materials | Scanalyzed Datajack | -9/Materials | Scanalyzed Ion Engine | -9/Materials | Scanalyzed Adv. Terrain Scanner | -8/Materials | Hacked Adv. Signal Interpreter | -8/Materials | Hacked Adv. Sensor Array | -8/Materials | Hacked Imp. Terrain Scan Processor | -8/Materials | Hacked Lrg. Storage Unit | -8/Materials | Hacked Med. Storage Unit | -8/Materials | Hacked Robot Schematics ------------------ None Fabricated ------------ Adv. Sensor Array | x1 | -7/Factory Alien Tech Used ----------------- None Achievements -------------- None Challenges ------------ None Game ------ Seed PhasingWardroneDisintegrator Manual? 0 Play Time 01:33:32 Cumulative 233.3 hours Start 2021.01.01 @ 18:18:34 End 2021.01.02 @ 10:48:08 Sessions 3 Manual Loads 0 Difficulty Rogue Special Mode None Game No. 70 Rogue 47 Adventurer 23 Explorer 0 Win Type - Total 10 Types 7/0/2/1/0/0/0/0/0 Lore% 88 Gallery% 89 Achievement% 69 Wizard Run 0 Options --------- ASCII 0 Keyboard 0 Movement Mouse Keybinds 0 Fullscreen 1 Font 18/SmallcapsGlow Map View 76x50 Tactical HUD 1 Map Filters NONE Filters NONE Steam 1 RUN: e358a286-a40b-4726-a3cf-b6e3b9da4d64